 Dungeon Crawl Stone Soup version 0.19.4 (webtiles) character file.

1206 Naow the Thaumaturge (level 8, -16/41 HPs)
             Began as a Deep Elf Conjurer on Jan 31, 2017.
             Demolished by an orc warrior
             ... wielding a +0 trident
              (20 damage)
             ... on level 6 of the Dungeon.
             The game lasted 00:11:16 (6429 turns).

Naow the Thaumaturge (Deep Elf Conjurer)            Turns: 6429, Time: 00:11:17

Health: -16/41     AC:  3    Str:  9    XL:     8   Next: 21%
Magic:  13/22      EV: 15    Int: 23    God:
Gold:   161        SH:  0    Dex: 15    Spells: 5 memorised, 7 levels left

rFire  . . .     SeeInvis .     o - +1 dagger (drain)
rCold  . . .     Gourm    .     a - +0 robe
rNeg   + . .     Faith    .     (no shield)
rPois  .         Spirit   .     (no helmet)
rElec  .         Reflect  .     (no cloak)
rCorr  .         Harm     .     C - +0 pair of gloves
MR     .....                    (no boots)
Stlth  +++.......               f - amulet of regeneration
                                A - ring of stealth
                                K - ring "Fyorankush" {+Fly rN+ Str+4}

@: no status effects
A: no striking features
a: Evoke Flight


You were on level 6 of the Dungeon.
You were not hungry.

You visited 1 branch of the dungeon, and saw 6 of its levels.

You collected 266 gold pieces.
You spent 105 gold pieces at shops.

Inventory:

Hand Weapons
 o - a +1 dagger of draining (weapon)
Armour
 a - a +0 robe (worn)
 d - a +1 animal skin
 C - a +0 pair of gloves (worn)
Jewellery
 f - an amulet of regeneration (around neck)
 z - a +4 ring of strength
 A - a ring of stealth (right hand)
 F - an uncursed ring of stealth
 K - the ring "Fyorankush" (left hand) {+Fly rN+ Str+4}
   (You found it on level 5 of the Dungeon)

   [ring of flight]

   It affects your strength (+4).
   It protects you from negative energy.
   It lets you fly.
Wands
 I - a wand of flame (21/48)
Scrolls
 e - a scroll of teleportation
 h - 3 scrolls of magic mapping {unknown}
 j - a scroll of random uselessness {unknown}
 k - 4 scrolls of enchant weapon {unknown}
 m - 2 scrolls of amnesia
 n - 4 scrolls of fear {unknown}
 q - 4 scrolls of identify {unknown}
 v - a scroll of immolation {unknown}
 y - 2 scrolls of remove curse {unknown}
Potions
 g - a potion of magic {unknown}
 i - 2 potions of curing
 p - 2 potions of lignification
 r - a potion of cancellation {unknown}
 s - a potion of degeneration {unknown}
 x - a potion of haste {unknown}
 B - a potion of might {unknown}
 E - a potion of flight {unknown}
 H - a potion of agility {unknown}
Books
 b - a book of Conjurations

   Spells                             Type                      Level
   a - Magic Dart                     Conjuration                  1
   b - Searing Ray                    Conjuration                  2
   c - Dazzling Spray                 Conjuration/Hexes            3
   d - Fulminant Prism                Conjuration/Hexes            4
   e - Iskenderun's Mystic Blast      Conjuration                  4
   f - Iskenderun's Battlesphere      Conjuration/Charms           5
 u - a book of Minor Magic

   Spells                             Type                      Level
   a - Magic Dart                     Conjuration                  1
   b - Blink                          Translocation                2
   c - Call Imp                       Summoning                    2
   d - Repel Missiles                 Charms/Air                   2
   e - Slow                           Hexes                        2
   f - Conjure Flame                  Conjuration/Fire             3
   g - Mephitic Cloud                 Conjuration/Poison/Air       3
Comestibles
 c - 5 bread rations
 t - a royal jelly
 w - a meat ration
 D - a slice of pizza


   Skills:
 + Level 5.0 Dodging
 - Level 2.4 Stealth
 + Level 8.2 Spellcasting
 + Level 7.2 Conjurations
 + Level 6.4 Charms


You had 7 spell levels left.
You knew the following spells:

 Your Spells              Type           Power        Failure   Level  Hunger
a - Magic Dart            Conj           ####         1%          1    None
b - Searing Ray           Conj           #####.       1%          2    None
c - Iskenderun's Battles  Conj/Chrm      #####...     14%         5    #####..
d - Iskenderun's Mystic   Conj           #####...     4%          4    ###....
e - Fulminant Prism       Conj/Hex       ####......   17%         4    ###....


Dungeon Overview and Level Annotations

Branches:
Dungeon (6/15)
 Temple: D:4-7

Altars:
Gozag
Makhleb
Qazlal
Sif Muna
Uskayaw
Zin

Shops:
D:4 *   D:5 =

Annotations:
D:2 Sigmund


Message History

You finish channeling your searing ray.
The orc warrior hits you from afar with a trident!
Casting: Searing Ray
Confirm with . or Enter, or press ? or * to list all spells.
Aiming: Searing Ray
Press: ? - help, Shift-Dir - straight line, f - orc warrior
Aim: an orc warrior, wielding a trident and wearing a plate armour (moderately wounded)
The searing ray hits the orc warrior.
The orc warrior is moderately wounded. (Press . to maintain the ray.)
The orc warrior hits you from afar with a trident!
The searing ray hits the orc warrior.
The orc warrior is moderately wounded.
The searing ray hits the orc warrior.
The orc warrior is almost dead.
The orc warrior hits you from afar with a trident!
* * * LOW HITPOINT WARNING * * *
The searing ray misses the orc warrior.
You finish channeling your searing ray.
The orc warrior hits you from afar with a trident!!
You die...

#.........#
#.......#.####
#.......#<...#
####>##.####.#
# #.# # #.#
#.# #.# #@#
$.o.oo..#
#########


You could see an orc warrior, an orc wizard and an orc.

Vanquished Creatures
  An orc warrior (D:4)
  A sky beast (D:5)
  2 ogres
  A bullfrog (D:6)
  A scorpion (D:4)
  A bullfrog zombie (D:5)
  A hound (D:5)
  2 orc priests
  6 orc wizards
  Ijyb (D:2)
  Natasha (thrice) (D:4)
  3 worker ants (D:5)
  A hound skeleton (D:5)
  A hound zombie (D:5)
  Robin (D:1)
  3 gnolls (D:5)
  4 adders
  2 oozes
  An adder zombie (D:5)
  An adder skeleton (D:4)
  4 worms
  3 dart slugs
  4 leopard geckos
  22 orcs
  A ball python (D:2)
  6 bats
  3 giant cockroaches
  27 goblins
  10 hobgoblins
  6 jackals
  9 kobolds
  6 frilled lizards
  A jackal skeleton (D:5)
  12 rats
151 creatures vanquished.

Notes
Turn   | Place    | Note
-------+----------+-------------------------------------------
     0 | D:1      | Naow the Deep Elf Conjurer began the quest for the Orb.
     0 | D:1      | Reached XP level 1. HP: 10/10 MP: 6/6
   228 | D:1      | Reached XP level 2. HP: 15/15 MP: 2/8
   300 | D:1      | Learned a level 2 spell: Searing Ray
   351 | D:1      | Reached skill level 5 in Conjurations
   634 | D:1      | Reached XP level 3. HP: 19/19 MP: 2/9
  1658 | D:2      | Noticed Sigmund
  1661 | D:2      | Noticed Robin
  1759 | D:2      | Reached skill level 4 in Spellcasting
  1761 | D:2      | Reached XP level 4. HP: 24/24 MP: 6/12
  1774 | D:1      | Killed Robin
  2031 | D:2      | Noticed Ijyb
  2038 | D:2      | Killed Ijyb
  2038 | D:2      | Reached skill level 5 in Spellcasting
  2164 | D:2      | Reached XP level 5. HP: 28/28 MP: 10/15
  2171 | D:2      | Learned a level 5 spell: Iskenderun's Battlesphere
  2176 | D:2      | Learned a level 4 spell: Iskenderun's Mystic Blast
  2730 | D:3      | Reached skill level 1 in Charms
  2967 | D:3      | Reached skill level 6 in Spellcasting
  3222 | D:3      | Learned a level 4 spell: Fulminant Prism
  3597 | D:4      | Noticed an ogre
  3601 | D:4      | Killed an ogre
  3601 | D:4      | Reached XP level 6. HP: 32/32 MP: 11/17
  3660 | D:4      | Found Gyeroly's Assorted Antiques.
  3704 | D:4      | Bought a large brass ring for 105 gold pieces
  4125 | D:4      | Found a glowing silver altar of Zin.
  4125 | D:4      | Noticed an orc warrior
  4265 | D:4      | Noticed Natasha
  4284 | D:4      | Killed an orc warrior
  4284 | D:4      | Reached skill level 7 in Spellcasting
  4284 | D:4      | Reached XP level 7. HP: 10/36 MP: 0/19
  4382 | D:4      | Killed Natasha
  4445 | D:4      | Found a hide-covered altar of Uskayaw.
  4446 | D:4      | Found a stormy altar of Qazlal.
  4446 | D:4      | Found a deep blue altar of Sif Muna.
  4588 | D:4      | Noticed Natasha
  4594 | D:4      | Killed Natasha
  4635 | D:4      | Noticed Natasha
  4639 | D:4      | Killed Natasha
  4941 | D:5      | Entered Level 5 of the Dungeon
  4951 | D:5      | Reached skill level 5 in Charms
  5213 | D:5      | Found a burning altar of Makhleb.
  5384 | D:5      | Found Witau's Jewellery Shop.
  5755 | D:5      | Found an opulent altar of Gozag.
  6017 | D:5      | Reached XP level 8. HP: 41/41 MP: 17/21
  6051 | D:5      | Reached skill level 8 in Spellcasting
  6217 | D:5      | Got a wavering lapis lazuli ring
  6219 | D:5      | Identified the ring "Fyorankush" {+Fly rN+ Str+4} (You found it on level 5 of the Dungeon)
  6383 | D:6      | Reached skill level 5 in Dodging
  6429 | D:6      | Demolished by an orc warrior

Skill      XL: |  1  2  3  4  5  6  7  8 |
---------------+-------------------------+-----
Conjurations   | 5 6 7 |  7.2
Spellcasting   | 4 5 6 7 8 |  8.2
Charms         | 3 4 5 6 |  6.4
Dodging        | 3 4 5 |  5.0
Stealth        | |  2.4

Action                   |  1- 3 |  4- 6 |  7- 9 || total
-------------------------+-------+-------+-------++-------
Melee: Dagger            |     2 |    11 |       ||    13
 Cast: Magic Dart        |   101 |   149 |    72 ||   322
       Searing Ray       |       |     7 |    17 ||    24
       Iskenderun's Myst |       |     5 |     2 ||     7
       Iskenderun's Batt |       |       |     1 ||     1
  Use: Scroll            |       |     2 |       ||     2
       Potion            |       |       |     2 ||     2
  Eat: Chunk             |     2 |     8 |     7 ||    17
Armor: Robe              |     3 |     1 |     1 ||     5
       Skin              |       |       |     4 ||     4
Dodge: Dodged            |    12 |    26 |    26 ||    64
